 Dungeon Sprint DCSS version 0.19-a0-147-g6f47703 (webtiles) character file.

774 wvc the Protected (level 7, 28/74 HPs)
             Began as a Naga Fighter on May 18, 2016.
             Quit the game in the Dungeon (Sprint V: "Ziggurat Sprint").
             The game lasted 00:02:26 (404 turns).

wvc the Protected (Naga Fighter)                     Turns: 404, Time: 00:02:27

Health: 28/74      AC: 23    Str: 18    XL:     7   Next: 84%
Magic:  7/7        EV:  0    Int:  9    God:
Gold:   0          SH:  0    Dex: 24    Spells: 0 memorised, 6 levels left

rFire  + + .     SeeInvis +     D - +8 lance "Wyrmbane" {slay drac, +Rage rPois rF+ AC+5}
rCold  + . .     Gourm    .     l - +5 gold dragon armour
rNeg   . . .     Faith    .     n - +3 large shield
rPois  +         Spirit   .     (no helmet)
rElec  .         Dismiss  .     (no cloak)
rCorr  .         Reflect  .     (no gloves)
SustAt .         Harm     .     (no barding)
MR     .....     NoTele   +     (no amulet)
Stlth  ..........               F - +6 ring of dexterity
                                E - +6 ring of dexterity

@: confused, very slow, not resistant to hostile enchantments, extremely
unstealthy
A: see invisible, deformed body, poison resistance, slowness 2, slow metabolism
1, spit poison 2, AC +2
a: Spit Poison, Evoke Berserk Rage


You were in the Dungeon.
You were not hungry.

You visited 1 branch

Inventory:

Hand Weapons
 D - the +8 lance "Wyrmbane" (weapon) {slay drac, +Rage rPois rF+ AC+5}
   (You found it in the Dungeon)

   It affects your AC (+5).
   It protects you from fire.
   It protects you from poison.
   It lets you go berserk.
Armour
 l - a +5 gold dragon armour (worn)
 n - a +3 large shield (worn)
Jewellery
 E - a +6 ring of dexterity (left hand)
 F - a +6 ring of dexterity (right hand)
 G - a +6 ring of intelligence
 H - a +6 ring of intelligence
 I - a +6 ring of strength
 J - a +6 ring of strength
Wands
 b - a wand of hasting (5/9)
 K - a wand of disintegration (7/24)
 L - a wand of iceblast (5/15)
 M - a wand of lightning (5/15)
 N - a wand of acid (5/15)
Scrolls
 k - 4 scrolls of blinking
 u - 4 scrolls of amnesia
 v - 3 scrolls of recharging
 w - 7 scrolls of fog
 x - a scroll of holy word
 y - 5 scrolls of identify
 z - 5 scrolls of remove curse
 A - 2 scrolls of fear
Potions
 d - 6 potions of might
 e - 10 potions of curing
 g - 10 potions of heal wounds
 h - 6 potions of haste
 i - 7 potions of magic
 j - 3 potions of berserk rage
 p - 2 potions of brilliance
 q - 2 potions of invisibility
 r - 4 potions of resistance
 t - 5 potions of agility
Miscellaneous
 a - a disc of storms
 c - a plain deck of changes
Comestibles
 f - 5 bread rations
 B - 42 fruits
 C - 4 meat rations


   Skills:
 + Level 8.2 Fighting
 + Level 5.4 Polearms
 + Level 9.2 Armour
 + Level 1.8 Dodging
 + Level 8.2 Shields


You had 6 spell levels left.
You didn't know any spells.

Dungeon Overview and Level Annotations

Branches:
Dungeon (1/1)

Altars:
Ashenzari
Cheibriados
Dithmenos
Elyvilon
Fedhas
Gozag
Kikubaaqudgha
Makhleb
Nemelex Xobeh
Okawaru
Pakellas
Qazlal
Ru
Sif Muna
Trog
Vehumet
Xom
Yredelemnul
Zin
The Shining One
Beogh
Jiyva
Lugonu


Innate Abilities, Weirdness & Mutations

You cannot wear boots.
Your serpentine skin is tough (AC +2).
You have supernaturally acute eyesight.
Armour fits poorly on your strangely shaped body.
Your system is resistant to poisons.
You cover ground very slowly.
You have a slow metabolism.
You can spit poison.


Message History

You hit the tarantella.
The tarantella is severely wounded.
The tarantella bites you but does no damage.
The scorpion stings you but does no damage.
The tarantella bites you but does no damage.
You bump into the unnaturally hard rock wall.
The tarantella bites you.
You are more confused.
The tarantella bites you but does no damage.
The scorpion stings you but does no damage.
The tarantella bites you but does no damage.
The scorpion stings you but does no damage.
Your shield and gold dragon armour prevent you from hitting the tarantella.
The tarantella is severely wounded.
The tarantella bites you but does no damage.
The scorpion stings you but does no damage.
The tarantella bites you!
The scorpion stings you but does no damage.
The tarantella bites you but does no damage.
Are you sure you want to abandon this character and quit the game? (Confirm with "yes".)

▓.....▓.....▓▓▓▓▓▓▓
▓▓▓▓▓▓▓▓▓▓▓▓▓▓
▓..8©8...▓
▓..|?:...▓
▓...[....▓
▓........▓
........▓
▓.▓sss.▓.▓
▓..s@....▓
▓▓▓▓▓▓▓▓▓▓


You could see 2 tarantellas and 2 scorpions.

Vanquished Creatures
  An air elemental (D)
  A golden eye (D)
  3 insubstantial wisps (D)
  A water moccasin (D)
  A jelly (D)
  An adder (D)
  An ooze (D)
9 creatures vanquished.

Notes
Turn   | Place    | Note
--------------------------------------------------------------
     0 | D        | wvc the Naga Fighter began the quest for the Orb.
     0 | D        | Reached XP level 1. HP: 21/21 MP: 1/1
     3 | D        | Found an iron altar of Okawaru.
     3 | D        | Found a radiant altar of Vehumet.
     3 | D        | Found a shimmering altar of Xom.
     3 | D        | Found a burning altar of Makhleb.
     3 | D        | Found a deep blue altar of Sif Muna.
     6 | D        | Found a bloodstained altar of Trog.
     7 | D        | Found a roughly hewn altar of Beogh.
     7 | D        | Found a viscous altar of Jiyva.
     7 | D        | Found a corrupted altar of Lugonu.
     7 | D        | Found a white marble altar of Elyvilon.
     7 | D        | Found a sparkling altar of Nemelex Xobeh.
    78 | D        | Reached skill level 6 in Armour
    78 | D        | Reached XP level 2. HP: 28/28 MP: 2/2
    79 | D        | Entered arena 1.
    79 | D        | Noticed a water moccasin
    86 | D        | Killed a water moccasin
    86 | D        | Reached skill level 7 in Armour
    86 | D        | Reached XP level 3. HP: 31/38 MP: 3/3
    86 | D        | Reached XP level 4. HP: 37/45 MP: 4/4
    89 | D        | Reached skill level 1 in Dodging
    89 | D        | Reached XP level 5. HP: 42/51 MP: 5/5
    99 | D        | Entered arena 2.
    99 | D        | Noticed a golden eye
   105 | D        | Killed a golden eye
   105 | D        | Reached skill level 8 in Armour
   105 | D        | Reached skill level 5 in Shields
   105 | D        | Reached XP level 6. HP: 53/62 MP: 6/6
   146 | D        | Entered arena 3.
   146 | D        | Noticed an insubstantial wisp
   146 | D        | Noticed an air elemental
   146 | D        | Noticed an insubstantial wisp
   146 | D        | Noticed an insubstantial wisp
   154 | D        | Killed an air elemental
   154 | D        | Reached XP level 7. HP: 40/72 MP: 7/7
   157 | D        | Killed an insubstantial wisp
   165 | D        | Killed an insubstantial wisp
   165 | D        | Reached skill level 5 in Polearms
   165 | D        | Reached skill level 9 in Armour
   171 | D        | Killed an insubstantial wisp
   393 | D        | Entered arena 4.
   393 | D        | Noticed a tarantella
   393 | D        | Noticed a tarantella
   404 | D        | Quit the game

Vault maps used:
D:        sprint_v

Skill      XL: |  1  2  3  4  5  6  7 |
---------------+----------------------+-----
Armour         | 6 7 8 9 |  9.2
Fighting       | 4 6 7 8 |  8.2
Shields        | 4 5 6 8 |  8.2
Dodging        | 1 |  1.8
Polearms       | 3 4 5 |  5.4

Action                   |  1- 3 |  4- 6 |  7- 9 || total
-------------------------+-------+-------+-------++-------
Melee: Lance             |     7 |    19 |    24 ||    50
  Use: Potion            |     1 |       |       ||     1
Armor: Plate armour      |     8 |    16 |       ||    24
       Gold dragon armou |       |    10 |    32 ||    42
Dodge: Dodged            |       |     3 |       ||     3
Block: Large shield      |    11 |    15 |     9 ||    35
